 Dungeon Crawl Stone Soup version 0.30-a0-586-g23e55c9e0a (webtiles) character file.

Game seed: 17332533955948643659

169 NinjaNoafa the Magician (level 5, -3/40 HPs)
             Began as a Djinni Ice Elementalist on Jan 3, 2023.
             Killed by divine providence
             ... invoked by an orc priest
              (10 damage)
             ... on level 4 of the Dungeon.
             The game lasted 00:05:03 (1909 turns).

NinjaNoafa the Magician (Djinni Ice Elementalist)   Turns: 1909, Time: 00:05:03

Health: -3/40      AC:  9    Str:  7    XL:     5   Next: 79%
Gold:   184        EV: 11    Int: 19    God:
                   SH:  0    Dex: 13

rFire   + . .      SeeInvis .    i - +0 dagger
rCold   . . .      Faith    .    (no shield)
rNeg    . . .      Spirit   .    h - +1 leather armour {rPois}
rPois   ∞          Reflect  .    (no helmet)
rElec   .          Harm     .    (no cloak)
rCorr   .          Rampage  .    (no gloves)
Will    .....                    (boots unavailable)
Stlth   ++                       (no amulet)
HPRegen 0.26/turn                p - ring of ice
MPRegen 0.00/turn                a - ring of wizardry

@: ice-armoured, freezing walls, flying
A: sickness immunity, fire resistance 2, cold vulnerability 1, float, innate
caster, HP casting, extra vitality 1
a: no special abilities


You were on level 4 of the Dungeon.
You visited 1 branch of the dungeon, and saw 4 of its levels.

You collected 184 gold pieces.

Inventory:

Hand Weapons
 i - a +0 dagger (weapon)
Missiles
 c - 5 curare-tipped darts
 m - 8 atropa-tipped darts
Armour
 h - a +1 leather armour of poison resistance (worn)
Jewellery
 a - a ring of wizardry (right hand)
 p - a ring of ice (left hand)
Wands
 j - a wand of digging (3)
Scrolls
 b - a scroll of magic mapping {unknown}
 f - a scroll of noise {unknown}
 g - a scroll of teleportation {unknown}
 k - a scroll of immolation {unknown}
 n - a scroll of fear {unknown}
 o - a scroll of identify {unknown}
Potions
 d - a potion of degeneration {unknown}
 e - a potion of haste {unknown}
 l - a potion of cancellation {unknown}


   Skills:
 + Level 2.8 Fighting
 - Level 2.1 Dodging
 - Level 1.5 Stealth
 * Level 4.6 Spellcasting


You couldn't memorise any spells.
You knew the following spells:

 Your Spells              Type           Power      Damage    Failure   Level
a - Freeze                Ice            100%       1d10      1%          1
b - Frozen Ramparts       Ice            64%        1d10      3%          3
c - Ozocubu's Armour      Ice            32%        N/A       3%          3
d - Summon Ice Beast      Ice/Summ       32%        N/A       12%         4
e - Shock                 Conj/Air       84%        1d8       1%          1
f - Passwall              Tmut/Erth      17%        N/A       1%          2
Your spell library was empty.

Dungeon Overview and Level Annotations

Branches:
Dungeon (4/15)
 Temple: D:4-7

Altars:
Makhleb


Innate Abilities, Weirdness & Mutations

You are immune to sickness and miasma.
You are immune to poison.
Your flesh is very heat resistant. (rF++)
You are vulnerable to cold. (rC-)
You float through the air rather than walking.
You learn spells naturally, not from books.
Your magical power is your life essence.
You have superior vitality. (+4 MHP)


Message History

Press: ? - help, Q - select action, (/) - cycle Shift-Dir - straight line, f/p - orc
Aim: an orc, wielding a +0 short sword and quivering boomerangs (74% to hit)
Okay, then.
Casting: Shock (safe; 1% risk of failure)
Confirm with . or Enter, or press ? or * to list all spells.
Aiming: Passwall (safe; 1% risk of failure)
Press: ? - help, Dir - move target, p - orc A rock wall, covered with ice.
Your icy armour and frozen ramparts will break if you move.
Continue?
Okay, then.
The orc wizard closely misses your ice beast.
Your ice beast barely misses the orc wizard.
The orc wizard hits your ice beast but does no damage.
The orc priest calls upon Beogh to heal the orc.
The orc is healed somewhat.
Your ice beast hits the orc wizard but does no damage.
Aiming: Shock (safe; 1% risk of failure)
Press: ? - help, Q - select action, (/) - cycle Shift-Dir - straight line, f - orc
Aim: an orc, wielding a +0 club (severely wounded, 74% to hit)
The zap hits the orc.
The orc is heavily wounded.
The zap hits the orc.
You kill the orc!
The wall freezes the orc.
The orc wizard hits your ice beast with a +0 dagger.
The orc priest invokes the aid of Beogh against you.
Beogh smites you!
* * * LOW HITPOINT WARNING * * *
Your ice beast barely misses the orc wizard.
Casting: Shock (safe; 1% risk of failure)
Confirm with . or Enter, or press ? or * to list all spells.
Aiming: Freeze (safe; 1% risk of failure)
Press: ? - help, Shift-Dir - straight line, f - orc
Aim: an orc, wielding a +0 short sword and quivering boomerangs (almost dead)
You feel a surge of power!
You freeze the orc!
You kill the orc!
* * * LOW HITPOINT WARNING * * *
The orc priest invokes the aid of Beogh against you.
Beogh smites you!
You die...

### ##########..
############..........#
#....)@.........#######
#...)......#######
.....Y###### ...oo#
....o ...? ... ...


You could see an orc priest, an orc wizard (ally target), an orc and a friendly
ice beast (summoned).

Vanquished Creatures
  Ijyb (D:3)
  An iguana (D:4)
  Natasha (D:4)
  3 gnolls (D:3)
  An adder (D:2)
  4 orcs
  2 endoplasms (D:3)
  5 giant cockroaches
  4 goblins
  2 hobgoblins
  4 kobolds
  6 quokkas
  7 ball pythons
  5 bats
  4 frilled lizards
  3 rats
53 creatures vanquished.

Notes
Turn   | Place    | Note
-------+----------+-------------------------------------------
     0 | D:1      | NinjaNoafa the Djinni Ice Elementalist began the quest for
                  | the Orb.
     0 | D:1      | NinjaNoafa set off with the following spells memorised:
                  | Freeze, Frozen Ramparts, Ozocubu's Armour, Summon Ice
                  | Beast.
     0 | D:1      | Reached XP level 1. HP: 15/15 MP: 0/0
   125 | D:1      | Reached XP level 2. HP: 14/22 MP: 0/0
   131 | D:1      | Reached skill level 1 in Fighting
   427 | D:1      | You are sucked into a shaft and drop 1 floor!
   500 | D:2      | Reached XP level 3. HP: 25/27 MP: 0/0
   500 | D:2      | Learned a level 1 spell: Shock
  1110 | D:3      | Noticed Ijyb
  1121 | D:3      | Killed Ijyb
  1122 | D:3      | Reached skill level 4 in Spellcasting
  1122 | D:3      | Reached XP level 4. HP: 9/33 MP: 0/0
  1232 | D:3      | Found a burning altar of Makhleb.
  1438 | D:3      | Reached XP level 5. HP: 32/38 MP: 0/0
  1438 | D:3      | Learned a level 2 spell: Passwall
  1817 | D:4      | Noticed Natasha
  1821 | D:4      | Killed Natasha
  1909 | D:4      | Killed from afar by an orc priest

Illustrated notes

Levels and vault maps discovered:
D:1:      saegor_arrival_fortress, layout_loops_ring
D:2:      layout_rooms
D:3:      layout_rooms, mainiacjoe_overflow_paths, minmay_unequal, uniq_ijyb
D:4:      layout_cave_pods, enter_ossuary_1, corexii_item_surrounded_by_moat,
          corexii_item_surrounded_by_moat, uniq_natasha

Skill      XL: |  1  2  3 |
---------------+----------+-----
Fighting       | 1 2 |  2.8
Spellcasting   | 4 |  4.6
Dodging        | |  2.1
Stealth        | |  1.5

Action                   |  1- 3 |  4- 6 || total
-------------------------+-------+-------++-------
Melee: Unarmed           |     7 |       ||     7
       Dagger            |     2 |       ||     2
 Cast: Freeze            |    39 |     6 ||    45
       Shock             |    14 |    40 ||    54
       Frozen Ramparts   |     1 |     2 ||     3
       Ozocubu's Armour  |     1 |     1 ||     2
       Passwall          |       |     3 ||     3
       Summon Ice Beast  |       |     1 ||     1
Armor: Robe              |    12 |       ||    12
       Leather armour    |     1 |     4 ||     5
Dodge: Dodged            |    28 |     9 ||    37

Table legend: (Time is in decaauts)
 A = Elapsed time spent in this place.
 B = Non-inter-level travel time spent in this place.
 C = Inter-level travel time spent in this place.
 D = Time resting spent in this place.
 E = Time spent auto-exploring this place.
 F = Levels seen in this place.
 G = Mean time per level.
                   A        B        C        D        E       F      G
               +--------+--------+--------+--------+--------+-----+--------+
         Total |   1907 |   1848 |     59 |      0 |   1472 |   4 |  476.8 |
       Dungeon |   1907 |   1848 |     59 |      0 |   1472 |   4 |  476.8 |
               +--------+--------+--------+--------+--------+-----+--------+

Top non-repeatable levels by time:
     D:3: 814 daAuts
     D:2: 479 daAuts
     D:1: 427 daAuts
     D:4: 186 daAuts
